 Dungeon Crawl Stone Soup version 0.22-a0-433-gd2a9cce0b5 (webtiles) character file.

1065 Maize the Cleaver (level 8, 0/71 HPs)
             Began as a Minotaur Berserker on May 28, 2018.
             Was a Priest of Trog.
             Slain by a death yak (7 damage)
             ... on level 8 of the Dungeon.
             The game lasted 00:08:00 (3434 turns).

Maize the Cleaver (Minotaur Berserker)              Turns: 3434, Time: 00:08:01

Health: 0/71       AC:  8    Str: 24    XL:     8   Next: 6%
Magic:  7/7        EV: 12    Int:  4    God:    Trog [***...]
Gold:   217        SH:  0    Dex: 14    Spells: 7/7 levels left

rFire    . . .     SeeInvis .   j - +0 war axe
rCold    . . .     Gourm    .   (no shield)
rNeg     . . .     Faith    .   n - +0 ring mail
rPois    .         Spirit   .   (helmet restricted)
rElec    .         Reflect  .   (no cloak)
rCorr    .         Harm     .   e - +1 pair of gloves
MR       .....                  (no boots)
Stlth    ++........             (no amulet)
HPRegen  0.21/turn              q - +4 ring of dexterity
MPRegen  0.10/turn              d - ring of stealth

@: berserk cooldown, slowed, very slow
A: retaliatory headbutt, horns 2
a: Berserk, Trog's Hand, Renounce Religion


You were on level 8 of the Dungeon.
You worshipped Trog.
Trog was most pleased with you.
You were near starving.

You visited 1 branch of the dungeon, and saw 6 of its levels.

You collected 217 gold pieces.

Inventory:

Hand Weapons
 j - a +0 war axe (weapon)
Armour
 e - a +1 pair of gloves (worn)
 n - a +0 ring mail (worn)
Jewellery
 d - a ring of stealth (right hand)
 q - a +4 ring of dexterity (left hand)
 s - an uncursed ring of stealth
Wands
 p - a wand of flame (3)
Scrolls
 a - a scroll of remove curse
 f - 3 scrolls of identify
 h - 3 scrolls of enchant armour
 l - 2 scrolls of enchant weapon
 m - 4 scrolls of teleportation
 r - a scroll of magic mapping
Potions
 b - a potion of ambrosia {unknown}
 g - 2 potions of might
 i - 3 potions of haste
 k - a potion of curing
 o - a potion of mutation {unknown}
Comestibles
 c - 7 rations


   Skills:
 + Level 6.5 Fighting
 * Level 8.7 Axes
 + Level 5.6 Armour
 - Level 3.1 Dodging
 - Level 1.0 Stealth


You had 7 spell levels left.
You didn't know any spells.
Your spell library was empty.

Dungeon Overview and Level Annotations

Branches:
Dungeon (5/15)               Lair (0/6) D:8
 Temple: D:4-7

Altars:
Ashenzari
Xom

Shops:
D:4 %


Innate Abilities, Weirdness & Mutations

You reflexively headbutt those who attack you in melee.
You have a pair of horns on your head.


Message History

The death yak is moderately wounded.
You hit the two-headed ogre. The death yak gores you!
* * * LOW HITPOINT WARNING * * *
A slime creature comes into view.
The two-headed ogre hits you with a giant club!
* * * LOW HITPOINT WARNING * * *
The two-headed ogre hits you but does no damage.
You are no longer berserk.
You are exhausted.
You feel yourself slow down.
The slime creature quivers.
A sky beast comes into view.
The death yak gores you!
* * * LOW HITPOINT WARNING * * *
The sky beast flickers out of sight!
Deactivating autopickup; reactivate with Ctrl-A.
A sky beast appears from thin air!
Reactivating autopickup.
The death yak gores you!
You die...

#.. r> #... #.. .
.... r.. .###. #..#
#J# ..... #..#
#.#r... #..# #J#r.
#..# #Oy## #.####..#
#†#.#
#......@###y#.#
#..###..Y.OY§[######
######/[.......
##.............
#...##.........
#.............#####.
##.###...######
....## ######


You could see a death yak, a two-headed ogre and a sky beast.

Vanquished Creatures
  An orc warrior (D:8)
  2 ice beasts (D:5)
  An ogre (D:4)
  A phantom (D:4)
  A centaur (D:5)
  Blork the orc (D:4)
  A scorpion (D:4)
  3 killer bees (D:8)
  A hound (D:4)
  Jessica (D:3)
  An iguana (D:4)
  A hell rat (D:8)
  3 worker ants (D:4)
  3 adders
  A worm (D:3)
  A dart slug (D:3)
  2 leopard geckos (D:1)
  9 orcs
  2 ball pythons
  7 giant cockroaches
  10 goblins
  10 hobgoblins
  5 jackals
  3 quokkas
  8 bats
  4 frilled lizards
  A jackal skeleton (D:5)
  4 kobolds
  A quokka zombie (D:5)
  5 rats
94 creatures vanquished.

Notes
Turn   | Place    | Note
-------+----------+-------------------------------------------
     0 | D:1      | Maize the Minotaur Berserker began the quest for the Orb.
     0 | D:1      | Reached XP level 1. HP: 19/19 MP: 0/0
   126 | D:1      | Reached skill level 4 in Axes
   149 | D:1      | Reached XP level 2. HP: 23/27 MP: 1/1
   753 | D:2      | Reached XP level 3. HP: 33/33 MP: 2/2
   756 | D:2      | Reached ** piety under Trog
  1125 | D:2      | Found a shimmering altar of Xom.
  1457 | D:3      | Noticed Jessica
  1458 | D:3      | Reached XP level 4. HP: 35/40 MP: 3/3
  1467 | D:3      | Killed Jessica
  1467 | D:3      | Reached skill level 5 in Axes
  1629 | D:3      | Found a shattered altar of Ashenzari.
  1975 | D:4      | Reached skill level 1 in Stealth
  1975 | D:4      | Reached XP level 5. HP: 22/47 MP: 4/4
  1988 | D:4      | Noticed an ogre
  1991 | D:4      | Killed an ogre
  1991 | D:4      | Reached skill level 6 in Axes
  2337 | D:4      | Noticed Blork the orc
  2349 | D:4      | Killed Blork the orc
  2349 | D:4      | Reached skill level 5 in Fighting
  2349 | D:4      | Reached XP level 6. HP: 49/56 MP: 5/5
  2393 | D:4      | Found Raicviq's Food Emporium.
  2626 | D:4      | Reached *** piety under Trog
  2626 | D:4      | Reached skill level 7 in Axes
  2626 | D:4      | Reached XP level 7. HP: 45/61 MP: 6/6
  2927 | D:5      | Entered Level 5 of the Dungeon
  3302 | D:5      | Reached skill level 8 in Axes
  3302 | D:5      | Reached skill level 5 in Armour
  3400 | D:5      | You fall through a shaft for 3 floors!
  3422 | D:8      | Noticed a death yak
  3424 | D:8      | Noticed a slime creature
  3424 | D:8      | Noticed a two-headed ogre
  3426 | D:8      | Reached XP level 8. HP: 46/71 MP: 7/7
  3427 | D:8      | Found a staircase to the Lair.
  3428 | D:8      | Noticed a death yak
  3429 | D:8      | Noticed a slime creature
  3434 | D:8      | Slain by a death yak

Vault maps used:
D:1:      dpeg_arrival_tiny_a, moated_statue
D:2:      xom_teletrap_fun
D:3:      nicolae_ashenzari_panopticon, uniq_jessica
D:4:      serial_shops, kennysheep_little_box, small_statue_intersection,
          uniq_blork_the_orc
D:5:      first_ration, uniq_duvessa
D:8:      dpeg_lair_monsters

Skill      XL: |  1  2  3  4  5  6  7 |
---------------+----------------------+-----
Axes           | 4 5 6 7 8 |  8.7
Fighting       | 4 5 6 |  6.5
Dodging        | 3 |  3.1
Armour         | 3 4 5 |  5.6
Stealth        | 1 |  1.0

Action                   |  1- 3 |  4- 6 |  7- 9 || total
-------------------------+-------+-------+-------++-------
Melee: Hand axe          |    97 |    96 |    29 ||   222
       Headbutt          |     8 |    18 |    16 ||    42
       War axe           |       |       |    23 ||    23
Invok: Berserk           |       |     1 |     1 ||     2
  Use: Scroll            |     8 |     1 |     1 ||    10
       Potion            |     3 |       |       ||     3
 Stab: Sleeping          |     3 |       |       ||     3
  Eat: Chunk             |     1 |     5 |     2 ||     8
Armor: Animal skin       |    18 |       |       ||    18
       Ring mail         |    20 |    29 |    26 ||    75
Dodge: Dodged            |    46 |    67 |    41 ||   154

Table legend:
 A = Spawn XP
 B = Non-spawn XP
 C = Spawn XP percentage of total XP
 D = Spawn monster count
 E = Non-spawn monster count
 F = Spawn count percentage of total count
 G = Total turns spent on level
                    A         B        C        D         E        F      G
               +---------+---------+-------+---------+---------+-------+---------
         Total |       0 |    1522 |   0.0 |       0 |      94 |   0.0 |  3434
               +---------+---------+-------+---------+---------+-------+---------
           D:1 |       0 |      40 |   0.0 |       0 |      23 |   0.0 |   750
           D:2 |       0 |      48 |   0.0 |       0 |      15 |   0.0 |   680
           D:3 |       0 |      93 |   0.0 |       0 |      21 |   0.0 |   501
           D:4 |       0 |     597 |   0.0 |       0 |      14 |   0.0 |   996
           D:5 |       0 |     374 |   0.0 |       0 |      11 |   0.0 |   473
           D:8 |       0 |     370 |   0.0 |       0 |      10 |   0.0 |    34
               +---------+---------+-------+---------+---------+-------+---------
